Unix NetHack Version 3.7.0-102 Work-in-progress - last build Apr 6 2024 13:22:21 (d302a6a9ff6341f1a922d8f5af178406b35fdf99,branch:master). Game began 2024-05-01 18:10:03, ended 2024-05-01 18:38:44. laycre, chaotic female orcish Wizard -- --- --.---- ..-- |.....-- ..--- -.....| ....| -...-- ... -- -----.|..-- ---..- ---.###.%.%.|-h.| |..<- ---->...--.-----|(@| - --- -..........-- --- ---....^.-- ..--......-# -..--......| -.........| ---.......-- --- -----.--....|.- -.............-...|.. -------......---- ----...| ----- Laycre the Thaumaturge St:11 Dx:15 Co:15 In:16 Wi:13 Ch:8 Chaotic Dlvl:7 $:287 HP:0(39) Pw:32(54) AC:6 Xp:6/450 T:2629 Burdened Latest messages: You are still in a pit. The newt misses! You are still in a pit. The newt bites! You are still in a pit. The newt bites! You crawl to the edge of the pit. The newt misses! The Woodland-elf throws a runed dagger! A runed dagger misses you. The gnome lord picks up a runed dagger. The gnome lord wields a runed dagger! The gnome lord throws a runed dagger! You are hit by a runed dagger. You hear crashing rock. The gnome lord picks up a runed dagger. In what direction? b The spell hits the gnome lord! You kill the gnome lord! Pick an object. The Woodland-elf picks up a runed dagger. The Woodland-elf wields a runed dagger! What do you want to zap? [cz or ?*] c In what direction? b The bolt of cold hits the Woodland-elf! The bolt of cold bounces! You kill it! The Woodland-elf reads a scroll of teleportation! The Woodland-elf vanishes! You see here a gnome lord corpse. You see here a gnome corpse. The gnome shoots 2 crossbow bolts! The 1st crossbow bolt misses the dwarf. You are almost hit by the 1st crossbow bolt. The 2nd crossbow bolt misses the dwarf. The 2nd crossbow bolt misses you. You see here a gnome lord corpse. The dwarf picks up 2 crossbow bolts. In what direction? z The spell misses the dwarf. You kill the gnome! In what direction? z The spell misses the dwarf. The dwarf swings his dwarvish mattock. The dwarf hits! The dwarf swings his dwarvish mattock. The dwarf hits! You die... Do you want your possessions identified? [ynq] (y) y Do you want to see your attributes? [ynq] (y) q Inventory: Coins ('$') $ - 287 gold pieces Weapons (')') b - a blessed +1 dagger named +1 (alternate weapon; not wielded) A - 9 uncursed +0 daggers named +0 a - a blessed +1 quarterstaff (weapon in hands) R - an uncursed +0 trident Armor ('[') J - an uncursed +0 dwarvish iron helm (being worn) G - a cursed -1 pair of high boots M - an uncursed fireproof +0 pair of jumping boots (being worn) y - an uncursed +0 cloak of magic resistance (being worn) Comestibles ('%') o - 2 uncursed food rations w - an uncursed lembas wafer B - an uncursed tripe ration Scrolls ('?') N - 2 blessed scrolls of blank paper O - an uncursed scroll of destroy armor K - an uncursed scroll of enchant armor F - a blessed scroll of light j - 2 uncursed scrolls of light i - an uncursed scroll of teleportation Spellbooks ('+') m - an uncursed spellbook of clairvoyance C - an uncursed spellbook of detect monsters L - an uncursed spellbook of extra healing l - a blessed spellbook of force bolt Potions ('!') f - an uncursed potion of healing s - an uncursed potion of sleeping h - an uncursed potion of speed Rings ('=') e - an uncursed +2 ring of gain strength (on right hand) q - a cursed ring of see invisible d - an uncursed ring of sustain ability Wands ('/') c - an uncursed wand of cold (0:4) z - an uncursed wand of striking (0:3) Tools ('(') k - an uncursed lock pick n - an uncursed magic marker (0:22) x - an uncursed mirror p - an uncursed +0 pick-axe t - an uncursed towel Gems/Stones ('*') D - an uncursed worthless piece of black glass E - an uncursed worthless piece of blue glass Laycre the Wizard's attributes: Background: You were a Thaumaturge, a level 6 female orcish Wizard. You were chaotic, on a mission for Anhur who was opposed by Ptah (lawful) and Thoth (neutral). You were right-handed. You were in the Gnomish Mines, on level 7. You entered the dungeon 2629 turns ago. You had 450 experience points, 190 more were needed to attain level 7. Basics: You had 0 out of 39 hit points. You had 32 out of 54 energy points (spell power). Your armor class was 6. Your wallet contained 287 zorkmids. Autopickup was on for '$=/!?"' plus thrown, with exceptions. Final Characteristics: Your strength was 11 (base:9, limit:18/50). Your dexterity was 15 (peak:16, limit:18). Your constitution was 15 (limit:18). Your intelligence was 16 (limit:16). Your wisdom was 13 (limit:16). Your charisma was 8 (limit:16). Final Status: You weren't hungry. You were burdened; movement was slightly slowed. You were wielding a quarterstaff. You were skilled in quarterstaff. Final Attributes: You were piously aligned. You were magic-protected. You were poison resistant. You were telepathic. You had infravision. You could jump. You were warded. You are dead. Miscellaneous: You never encountered a bones level. Total elapsed playing time was 28 minutes and 15 seconds. Major events: Turn 1: laycre the chaotic female orcish Wizard entered the dungeon 758: entered the Gnomish Mines 1005: attained the rank of Conjurer (level 3) 1338: reached Mine Town 1693: attained the rank of Thaumaturge (level 6) 2629: killed by a dwarf Vanquished creatures: a dingo a dog a jaguar a rock piercer a pony a violet fungus 7 gnome leaders a paper golem 8 dwarves a rothe a dwarf zombie an iguana a hobbit 25 gnomes 4 garter snakes 2 geckos 4 jackals a fox a kobold a goblin 5 grid bugs 2 lichens a kobold zombie 6 newts 78 creatures vanquished. No species were genocided or became extinct. Voluntary challenges: You read items or engraved 2 times. You never engraved Elbereth. You never genocided any monsters. You never changed form. You used no wishes. Achievements: You entered the Gnomish Mines. You attained the rank of Conjurer. You entered Minetown. You entered a temple. You entered a shop. You attained the rank of Thaumaturge. The Dungeons of Doom: levels 1 to 4 Level 1: "closet" A fountain. Level 2: Level 3: A fountain. Stairs down to The Gnomish Mines. Level 4: The Gnomish Mines: levels 4 to 7 Level 4: Level 5: Level 6: A temple and an altar, some fountains, some trees. Level 7: <- You were here. Final resting place for you, killed by a dwarf. Game over: ---------- / \ / REST \ / IN \ / PEACE \ / \ | laycre | | 287 Au | | killed by a | | dwarf | | | | | | 2024 | *| * * * | * _________)/\\_//(\/(/\)/\//\/|_)_______ Goodbye laycre the Wizard... You died in The Gnomish Mines on dungeon level 7 with 2359 points, and 287 pieces of gold, after 2629 moves. You were level 6 with a maximum of 39 hit points when you died.